 Dungeon Crawl Stone Soup version bcrawl-1.13.2 (webtiles) character file.

Game seed: 3480876579483720148

60 Felnil the Skirmisher (level 3, -2/25 HPs)
             Began as a Skeleton Fighter on Aug 11, 2019.
             Killed by divine providence
             ... invoked by an orc priest
              (10 damage)
             ... on level 2 of the Dungeon.
             The game lasted 00:02:48 (1363 turns).

Felnil the Skirmisher (Skeleton Fighter)            Turns: 1363, Time: 00:02:48

Health: -2/25      AC:  6    Str: 23    XL:     3   Next: 80%
Magic:  0/3        EV:  8    Int:  6    God:
Gold:   44         SH:  9    Dex:  8    Spells: 2/2 levels left

rFire    . . .     SeeInvis .   a - +0 rapier
rCold    + . .     Gourm    .   c - +0 shield
rNeg     + + +     Faith    .   b - +0 scale mail
rPois    ∞         Spirit   +   (no helmet)
rElec    .         Reflect  .   (no cloak)
rCorr    .         Harm     .   (no gloves)
MR       .....                  (no boots)
Stlth    ..........             (no amulet)
HPRegen  0.08/turn              (no ring)
MPRegen  0.08/turn              (no ring)

@: no status effects
A: no food or potions, cold resistance 1, deterioration 1, negative energy
resistance 3, torment resistance, unbreathing, magic shield, sturdy frame 1,
spell healing
a: no special abilities


You were on level 2 of the Dungeon.
You were not hungry.

You visited 1 branch of the dungeon, and saw 2 of its levels.

You collected 44 gold pieces.

Inventory:

Hand Weapons
 a - a +0 rapier (weapon)
Missiles
 f - 101 tomahawks (quivered)
Armour
 b - a +0 scale mail (worn)
 c - a +0 shield (worn)
Jewellery
 h - a +3 ring of strength {unknown}
Scrolls
 d - 2 scrolls of teleportation {unknown}
 e - 6 scrolls of identify {unknown}
 g - a scroll of amnesia {unknown}
 i - a scroll of remove curse {unknown}
 j - a scroll of magic mapping {unknown}
 k - a scroll of blinking {unknown}
 l - a scroll of noise {unknown}


   Skills:
 + Level 4.8 Fighting
 - Level 2.4 Short Blades
 - Level 3.2 Armour
 - Level 3.6 Shields


You had 2 spell levels left.
You didn't know any spells.
Your spell library was empty.

Dungeon Overview and Level Annotations

Branches:
Dungeon (2/12)

Altars:


Innate Abilities, Weirdness & Mutations

You do not eat or drink.
You are immune to poison.
Your flesh is cold resistant. (rC+)
Your body sometimes deteriorates upon taking damage.
You are immune to negative energy. (rN+++)
You are immune to unholy pain and torment.
You can survive without breathing.
When hurt, damage is shared between your health and your magic reserves.
Your movements are slightly less encumbered by armour. (ER -2)
Casting spells heals you.


Message History

You are too injured to fight recklessly!
An orc comes into view. It is wielding a +0 falchion.
You hear an angry hiss.
You block the orc's attack.
You barely miss the orc priest.
The orc priest hits you but does no damage.
The orc hits you with a +0 flail.
You hit the orc priest.
The orc priest is lightly wounded.
You block the orc's attack. The orc priest completely misses you.
The orc hits you with a +0 flail. The orc hits you but does no damage.
You hit the orc priest.
The orc priest is heavily wounded.
The orc priest hits you with a +0 flail.
The orc completely misses you. You block the orc's attack.
You hit the orc priest but do no damage.
The orc priest is heavily wounded.
The orc priest invokes the aid of Beogh against you.
Beogh smites you!
You die...

#...#... #......
#...... #.....#
#.....#
...o.########
#oooo......#
#.##@##### #.#
#........# #.#
####.###.# #.# #.#
#.# #.# #.#
#.###.#
#.###.....#
#.##.....## #####
...#.....# ....
...#.....####.##..


You could see 2 orc priests and 3 orcs.

Vanquished Creatures
  An ooze (D:2)
  An adder skeleton (D:2)
  2 worms (D:2)
  2 dart slugs (D:1)
  2 leopard geckos
  An orc (D:2)
  A giant cockroach (D:2)
  5 goblins (D:1)
  A hobgoblin (D:1)
  7 jackals
  5 bats
  2 frilled lizards
  5 kobolds
  4 rats (D:1)
39 creatures vanquished.

Notes
Turn   | Place    | Note
-------+----------+-------------------------------------------
     0 | D:1      | Felnil the Skeleton Fighter began the quest for the Orb.
     0 | D:1      | Reached XP level 1. HP: 14/14 MP: 1/1
   134 | D:1      | Reached XP level 2. HP: 11/19 MP: 2/2
   604 | D:1      | Reached skill level 4 in Fighting
   997 | D:2      | Reached XP level 3. HP: 24/24 MP: 3/3
  1363 | D:2      | Killed from afar by an orc priest

Skill      XL: |  1  2 |
---------------+-------+-----
Fighting       | 4 |  4.8
Short Blades   | |  2.4
Armour         | |  3.2
Shields        | |  3.6

Action                   || total
-------------------------++-------
Melee: Rapier            ||   116
Armor: Scale mail        ||    72
Dodge: Dodged            ||    47
Block: Shield            ||    77
